[Event "Titled Tuesday Blitz May 17 Early 2022"]
[White "Rohith Krishna S"]
[Black "Khabinets, Ivan"]
[WhiteFideId "46617051"]
[BlackFideId "14115980"]
[WhiteElo "2117"]
[BlackElo "2114"]
[Result "1/2-1/2"]
[Round "08"]
[TimeControl "180+1"]
[Date "2022.05.17"]
[WhiteClock "0:00:28"]
[BlackClock "0:00:45"]

1. Nf3 d5 2. g3 Nf6 3. Bg2 e6 4. O-O Be7 5. c4 dxc4 6. Ne5 O-O 7. Nxc4 c6 8. d4 Nbd7 9. Nc3 Nb6 10. Ne5 Nfd7 11. Nd3 c5 12. Be3 Nc4 13. Qc1 Nxe3 14. Qxe3 Rb8 15. d5 Nf6 16. dxe6 Bxe6 17. Nxc5 Bxc5 18. Qxc5 b6 19. Qg5 h6 20. Qh4 Qc7 21. Rac1 Rbc8 22. Rcd1 Qc5 23. a3 Rfe8 24. Rd2 b5 25. Qb4 Qxb4 26. axb4 Rc4 27. Nxb5 Rxb4 28. Nxa7 Reb8 29. Nc6 Rxb2 30. Rxb2 Rxb2 31. Bf3 Rc2 32. Nd4 Rd2 33. Nxe6 fxe6 34. Rc1 Kf7 35. h4 e5 36. e4 Ke7 37. Rc7+ Rd7 38. Rc5 Ke6 39. Kg2 Ra7 40. Rc6+ Kd7 41. Rc4 Ke6 42. Rb4 Rd7 43. Rb6+ Rd6 44. Rb7 Rd7 45. Rb1 Rd4 46. Re1 g5 47. hxg5 hxg5 48. g4 Rb4 49. Re3 Rd4 50. Kg3 Rb4 51. Bg2 Ng8 52. f3 Ne7 53. Rc3 Rb6 54. Bf1 Ng6 55. Bc4+ Kf6 56. Bd5 Nf4 57. Rc6+ Rxc6 58. Bxc6 Ke6 59. Kf2 Kd6 60. Bb5 Kc5 61. Bd7 Kd4 62. Bf5 Kc3 63. Bd7 Kd2 64. Bb5 Nh3+ 65. Kg3 Nf4 66. Kf2 Ne6 67. Bc4 Nc5 68. Bb5 Nb3 69. Bc4 Na1 70. f4 exf4 71. e5 Nc2 72. e6 Ne3 73. e7 Nxg4+ 74. Kf3 Nf6 75. Bb5 Kc3 76. e8=Q Nxe8 77. Bxe8 Kd4 78. Kg4 Ke3 79. Bc6 f3 80. Kxg5 Kf2 81. Kf4 Ke2 82. Bxf3+ 1/2-1/2


[Site "https://www.chess.com"]

[Event "Titled Tuesday Blitz May 17 Early 2022"]
[White "Rustemov, Alexander"]
[Black "Janaszak, Dawid"]
[WhiteFideId "4119002"]
[BlackFideId "1119206"]
[WhiteElo "2794"]
[BlackElo "2199"]
[Result "0-1"]
[Round "08"]
[TimeControl "180+1"]
[Date "2022.05.17"]
[WhiteClock "0:00:02"]
[BlackClock "0:00:36"]

1. d4 Nf6 2. c4 c5 3. Nf3 g6 4. Nc3 cxd4 5. Nxd4 Nc6 6. g3 Bg7 7. Bg2 O-O 8. O-O Nxd4 9. Qxd4 d6 10. Qd3 Be6 11. Bd2 Nd7 12. b3 Nc5 13. Qe3 Qb6 14. Rab1 Rfe8 15. Rfc1 Bf5 16. Rb2 Nd7 17. Qxb6 Nxb6 18. e4 Be6 19. Rbc2 Rac8 20. Be3 h5 21. h3 Be5 22. f4 Bf6 23. Kf2 h4 24. g4 g5 25. fxg5 Be5 26. Ke2 Nd7 27. Nb5 a6 28. Nd4 Nc5 29. b4 Na4 30. Nf3 Bb2 31. Rb1 Nc3+ 32. Kf2 Nxb1 33. Rxb2 Nc3 34. Bd4 Nd1+ 35. Ke2 Nxb2 36. Bxb2 Rxc4 0-1


[Site "https://www.chess.com"]

[Event "Titled Tuesday Blitz May 17 Early 2022"]
[White "Salem, A.R. Saleh"]
[Black "Klekowski, Maciej"]
[WhiteFideId "9301348"]
[BlackFideId "1132717"]
[WhiteElo "2679"]
[BlackElo "2476"]
[Result "1-0"]
[Round "08"]
[TimeControl "180+1"]
[Date "2022.05.17"]
[WhiteClock "0:00:07"]
[BlackClock "0:00:01"]

1. d4 Nf6 2. c4 e6 3. Nc3 Bb4 4. a3 Bxc3+ 5. bxc3 c5 6. f3 O-O 7. e4 d6 8. Bg5 Nc6 9. Qd2 e5 10. d5 Na5 11. Rb1 h6 12. Be3 b6 13. g4 Ne8 14. h4 Ba6 15. Nh3 Bxc4 16. Qg2 Bxf1 17. Kxf1 Nc4 18. Bc1 Qd7 19. Qc2 b5 20. Nf2 Rb8 21. Kg2 a5 22. Qe2 a4 23. Rh3 Kh7 24. Nh1 g6 25. Ng3 Ng7 26. Kh2 Rg8 27. Rb2 h5 28. Rc2 Rbf8 29. Qd1 Ne8 30. Rg2 Nf6 31. Kg1 hxg4 32. Rhh2 gxf3 33. Qxf3 Ne8 34. h5 g5 35. Nf5 f6 36. h6 Qf7 37. Rg4 Qg6 38. Be3 Rf7 39. Bf2 Nxa3 40. Nh4 gxh4 41. Rxg6 Rxg6+ 42. Kh1 Nc4 43. Qf5 a3 44. Rg2 Kh8 45. Qxg6 Rf8 46. h7 1-0


[Site "https://www.chess.com"]

[Event "Titled Tuesday Blitz May 17 Early 2022"]
[White "Sjugirov, Sanan"]
[Black "Sarana, Alexey"]
[WhiteFideId "4189302"]
[BlackFideId "24133795"]
[WhiteElo "2602"]
[BlackElo "2666"]
[Result "0-1"]
[Round "08"]
[TimeControl "180+1"]
[Date "2022.05.17"]
[WhiteClock "0:00:01"]
[BlackClock "0:00:55"]

1. Nf3 d5 2. e3 Nf6 3. c4 e6 4. Nc3 Bb4 5. d4 dxc4 6. Bxc4 c5 7. O-O O-O 8. Qe2 Nc6 9. Rd1 cxd4 10. exd4 Nd5 11. Bd2 Nce7 12. Bd3 Bd7 13. a3 Bd6 14. Ne5 Bc6 15. Qh5 Ng6 16. Nxc6 bxc6 17. g3 Be7 18. Ne4 Qb6 19. Bc3 Rad8 20. Ng5 Bxg5 21. Qxg5 Rd7 22. h4 h6 23. Qg4 Nge7 24. Re1 Nxc3 25. bxc3 Nd5 26. Rac1 Qb2 27. Qe4 Nf6 28. Qxc6 Qxa3 29. Ra1 Qe7 30. Qf3 Rc8 31. Reb1 Nd5 32. c4 Nf6 33. Qe3 Rcd8 34. d5 exd5 35. Qxe7 Rxe7 36. cxd5 Nxd5 37. Bf1 Nf6 38. Rb2 g6 39. Rba2 Rdd7 40. Bh3 Rc7 41. Bg2 h5 42. Bf3 Kg7 43. Ra5 Ne8 44. Ra6 Nf6 45. R6a5 Nh7 46. Kg2 Nf8 47. Ra6 Ne6 48. R6a5 Nd4 49. Bd1 Re1 50. R5a4 Nf5 51. Bf3 Ree7 52. R1a2 Red7 53. Ra5 Nd4 54. Be4 Nb3 55. R5a3 Nc5 56. Bf3 Ne6 57. Ra4 Nd4 58. Be4 Nb5 59. Rb2 Nc3 60. Rab4 a5 0-1


[Site "https://www.chess.com"]

[Event "Titled Tuesday Blitz May 17 Early 2022"]
[White "Slugin, Sergey"]
[Black "Rostovtsev, Dmitry"]
[WhiteFideId "4122569"]
[BlackFideId "34278320"]
[WhiteElo "2358"]
[BlackElo "2274"]
[Result "0-1"]
[Round "08"]
[TimeControl "180+1"]
[Date "2022.05.17"]
[WhiteClock "0:00:04"]
[BlackClock "0:00:16"]

1. c4 e5 2. Nc3 Bb4 3. Nd5 Be7 4. e3 Nf6 5. Ne2 Nxd5 6. cxd5 O-O 7. g3 d6 8. Bg2 Nd7 9. d4 exd4 10. exd4 Bg5 11. O-O Be7 12. Be3 Nf6 13. Rc1 Bg4 14. h3 Bh5 15. Qd2 Bg6 16. Nf4 Be4 17. Bxe4 Nxe4 18. Qc2 Nf6 19. Qxc7 Rb8 20. h4 Qxc7 21. Rxc7 Bd8 22. Rc2 Bb6 23. f3 Rfe8 24. Bf2 g6 25. g4 h6 26. g5 hxg5 27. hxg5 Nh7 28. Nh3 Bd8 29. Bh4 Bb6 30. Rd1 Re7 31. Bg3 Rd8 32. Kf2 Kg7 33. Re2 Rc7 34. b3 Nf8 35. Bf4 Rcd7 36. Be3 Rc8 37. Nf4 Nh7 38. Nd3 Rc3 39. Kg3 Re7 40. Kf2 Kg8 41. f4 Nf8 42. Kf3 Nd7 43. Nf2 f5 44. Rd3 Rc8 45. Bd2 Rxe2 46. Kxe2 Kf7 47. Kf3 Rc2 48. Ke2 Rxa2 49. Rh3 Ba5 50. Rd3 Nb6 51. Ke3 Nxd5+ 52. Ke2 Nxf4+ 0-1


[Site "https://www.chess.com"]

[Event "Titled Tuesday Blitz May 17 Early 2022"]
[White "Tasev, Dejan"]
[Black "Seo, Jung Min"]
[WhiteFideId "936618"]
[BlackFideId "1734687"]
[WhiteElo "2253"]
[BlackElo "2401"]
[Result "0-1"]
[Round "08"]
[TimeControl "180+1"]
[Date "2022.05.17"]
[WhiteClock "0:00:36"]
[BlackClock "0:01:01"]

1. e4 c5 2. Nf3 d6 3. Nc3 Nf6 4. d4 cxd4 5. Nxd4 a6 6. Bc4 Nbd7 7. Bb3 Nc5 8. f3 e6 9. Be3 Be7 10. Qd2 b5 11. a3 Nxb3 12. Nxb3 Qc7 13. O-O-O Rb8 14. g4 a5 15. h4 b4 16. axb4 axb4 17. Ne2 Qc6 18. h5 h6 19. Ned4 Qa4 20. Rdg1 Nh7 21. f4 Bb7 22. g5 Bxe4 23. g6 Bxh1 24. Rxh1 Nf8 25. gxf7+ Kxf7 26. f5 e5 27. Ne2 Qa8 28. Rg1 Nd7 29. Qd3 Nf6 30. Bd2 Rhg8 31. Qg3 Rbc8 32. Qg6+ Kf8 33. Bxh6 gxh6 34. Qxh6+ Ke8 35. Rxg8+ Nxg8 36. Qg6+ Kf8 37. h6 Qh1+ 0-1


[Site "https://www.chess.com"]

[Event "Titled Tuesday Blitz May 17 Early 2022"]
[White "Vakhlamov, Igor L."]
[Black "Martinez Alcantara, Jose Eduardo"]
[WhiteFideId "24126748"]
[BlackFideId "3805662"]
[WhiteElo "2401"]
[BlackElo "2690"]
[Result "0-1"]
[Round "08"]
[TimeControl "180+1"]
[Date "2022.05.17"]
[WhiteClock "0:00:03"]
[BlackClock "0:00:10"]

1. e4 c5 2. Nf3 d6 3. Nc3 a6 4. d4 cxd4 5. Qxd4 e6 6. Bg5 Nf6 7. e5 Nc6 8. Qa4 dxe5 9. Nxe5 Bd7 10. Nxd7 Qxd7 11. Rd1 Qc7 12. Be2 Be7 13. O-O O-O 14. a3 b5 15. Qh4 Rfd8 16. Qg3 Qb6 17. Bd3 Nh5 18. Qe3 Qc7 19. Bxe7 Nxe7 20. Rfe1 Nf6 21. h3 h6 22. Ne4 Nfd5 23. Qf3 Rab8 24. c3 a5 25. Ng3 Qf4 26. Qe2 b4 27. axb4 axb4 28. c4 Nf6 29. b3 Nc6 30. c5 Nd4 31. Qb2 Rbc8 32. Be4 e5 33. Rc1 g6 34. Rc4 h5 35. Bb7 Rc7 36. c6 Rd6 37. Rec1 Qg5 38. Nf1 Nd5 39. Kh1 Nf4 40. f3 Nde2 41. Ne3 Rd3 42. Ng4 hxg4 43. fxg4 Qh4 44. Ra1 Rxh3+ 45. gxh3 Qxh3# 0-1


[Site "https://www.chess.com"]

[Event "Titled Tuesday Blitz May 17 Early 2022"]
[White "Visakh N R"]
[Black "Grischuk, Alexander"]
[WhiteFideId "25012223"]
[BlackFideId "4126025"]
[WhiteElo "2448"]
[BlackElo "2762"]
[Result "0-1"]
[Round "08"]
[TimeControl "180+1"]
[Date "2022.05.17"]
[WhiteClock "0:01:34"]
[BlackClock "0:01:03"]

1. c4 e5 2. g3 d6 3. Bg2 f5 4. d3 Nf6 5. Bg5 Be7 6. Nc3 O-O 7. Nf3 Be6 8. Nd2 c6 9. b4 a6 10. Rb1 Nbd7 11. a4 d5 12. cxd5 cxd5 13. O-O Rc8 14. Na2 h6 15. Bxf6 Nxf6 16. d4 e4 17. Nb3 f4 18. Nc5 Bg4 19. f3 exf3 20. exf3 Bf5 21. Rb2 b6 22. Nxa6 fxg3 23. hxg3 Bd6 24. f4 Ne4 25. Rb3 Qe8 26. b5 Qg6 27. N6b4 Nxg3 28. Rff3 Nh5 29. Nxd5 Be4 30. Nac3 Bxf3 31. Qxf3 Nxf4 32. Nxf4 Rxf4 33. Qd5+ Kh8 34. Ne2 Rf5 35. Qe4 Re8 0-1


[Site "https://www.chess.com"]

[Event "Titled Tuesday Blitz May 17 Early 2022"]
[White "Wagh Suyog"]
[Black "Abdusattorov, Nodirbek"]
[WhiteFideId "25071688"]
[BlackFideId "14204118"]
[WhiteElo "2181"]
[BlackElo "2663"]
[Result "1-0"]
[Round "08"]
[TimeControl "180+1"]
[Date "2022.05.17"]
[WhiteClock "0:00:07"]
[BlackClock "0:00:41"]

1. e4 c5 2. Nf3 g6 3. d4 cxd4 4. Nxd4 Bg7 5. c4 Nc6 6. Be3 Qb6 7. Nb3 Qd8 8. Nc3 d6 9. Be2 Nf6 10. O-O O-O 11. Rc1 a5 12. Nd4 Bd7 13. f3 Nxd4 14. Bxd4 Bc6 15. Kh1 a4 16. Qd2 Qa5 17. Rfd1 Nd7 18. Bxg7 Kxg7 19. Qe3 Qb6 20. Qd2 Rfc8 21. Bf1 Qc5 22. a3 Nb6 23. Na2 Bd7 24. Nb4 Be6 25. Qc3+ Kg8 26. Rd4 Rc7 27. Nd3 Qa5 28. c5 dxc5 29. Nxc5 Ba2 30. Rd8+ Rxd8 31. Qxa5 Rd6 32. Re1 Bb3 33. Nxb3 axb3 34. Qb4 Nd7 35. Qxb3 Nc5 36. Qb4 Ne6 37. h3 h5 38. e5 Rd4 39. Qb6 h4 40. b3 Rc2 41. Qxb7 Kf8 42. a4 Nf4 43. a5 Rdd2 44. e6 Nh5 45. Qb8+ Kg7 46. exf7 Ng3+ 47. Kg1 Kxf7 48. Qf4+ Kg8 49. Qxh4 Nxf1 50. Kxf1 Rxg2 51. a6 Rh2 52. Qg3 Rh1+ 53. Qg1 Rxg1+ 54. Kxg1 Ra2 55. Re6 Kf7 56. Rb6 g5 57. b4 e6 58. b5 Kf6 59. Rb7 Kf5 60. a7 Kf4 61. b6 Kxf3 62. Rf7+ Kg3 63. b7 Rxa7 64. b8=Q+ Kxh3 65. Qxa7 1-0


[Site "https://www.chess.com"]

[Event "Titled Tuesday Blitz May 17 Early 2022"]
[White "Xiong, Jeffery"]
[Black "Maghsoodloo, Parham"]
[WhiteFideId "2047640"]
[BlackFideId "12539929"]
[WhiteElo "2727"]
[BlackElo "2630"]
[Result "1-0"]
[Round "08"]
[TimeControl "180+1"]
[Date "2022.05.17"]
[WhiteClock "0:01:09"]
[BlackClock "0:00:01"]

1. e4 c5 2. Nf3 d6 3. Nc3 Nf6 4. d4 cxd4 5. Qxd4 Nc6 6. Qd3 g6 7. Nd5 Bg7 8. c3 Bg4 9. Be2 Nd7 10. Bg5 h6 11. Bh4 Bxf3 12. Qxf3 g5 13. Bg3 h5 14. h4 e6 15. Nb4 Nxb4 16. cxb4 Bxb2 17. Rd1 g4 18. Qb3 Be5 19. Bb5 Bxg3 20. Qxg3 Qb6 21. Bxd7+ Kxd7 22. O-O Ke7 23. e5 d5 24. Qf4 Rhg8 25. Rc1 Rg6 26. Rc5 Kf8 27. Rfc1 Kg7 28. a4 Rf8 29. a5 Qa6 30. Rc7 b6 31. Re7 Kg8 32. Rcc7 Rg7 33. Rxa7 Qd3 34. axb6 g3 35. fxg3 Rg4 36. Qf2 1-0


[Site "https://www.chess.com"]

[Event "Titled Tuesday Blitz May 17 Early 2022"]
[White "Xu, Yi"]
[Black "Bortnyk, Olexandr"]
[WhiteFideId "8605564"]
[BlackFideId "14120828"]
[WhiteElo "2471"]
[BlackElo "2723"]
[Result "0-1"]
[Round "08"]
[TimeControl "180+1"]
[Date "2022.05.17"]
[WhiteClock "0:00:01"]
[BlackClock "0:00:03"]

1. e4 Nf6 2. e5 Nd5 3. d4 d6 4. Nf3 dxe5 5. Nxe5 c6 6. Be2 Bf5 7. O-O Nd7 8. Nf3 e6 9. a3 Bd6 10. c4 Nf4 11. Bxf4 Bxf4 12. Nc3 O-O 13. Bd3 Bg4 14. h3 Bh5 15. Be2 Qc7 16. g3 Bxf3 17. Bxf3 Bh6 18. Bg2 Rad8 19. Qe2 g6 20. Rfd1 Rfe8 21. h4 Bg7 22. h5 e5 23. hxg6 hxg6 24. d5 e4 25. Rac1 e3 26. d6 Qb6 27. b4 exf2+ 28. Qxf2 Qxf2+ 29. Kxf2 Ne5 30. Ne4 Ng4+ 31. Kg1 Ne3 32. Re1 Bd4 33. Kh2 Kg7 34. g4 Nxg4+ 35. Kg3 f5 36. c5 Be5+ 37. Kf3 Nh2+ 38. Kf2 Ng4+ 39. Kf3 Nh2+ 40. Kf2 fxe4 41. Rxe4 Rf8+ 42. Ke2 Bf4 43. Rh1 Bg3 44. Kd3 Rf2 45. Bh3 g5 46. Be6 Bf4 47. d7 b6 48. cxb6 axb6 49. Kc4 Kf6 50. Rf1 Nxf1 51. Bg4 Nd2+ 0-1


[Site "https://www.chess.com"]

[Event "Titled Tuesday Blitz May 17 Early 2022"]
[White "Yeletsky, Ivan"]
[Black "Oparin, Grigoriy"]
[WhiteFideId "24180327"]
[BlackFideId "24125890"]
[WhiteElo "2319"]
[BlackElo "2665"]
[Result "1/2-1/2"]
[Round "08"]
[TimeControl "180+1"]
[Date "2022.05.17"]
[WhiteClock "0:00:04"]
[BlackClock "0:00:06"]

1. e4 c5 2. Nf3 d6 3. d4 cxd4 4. Nxd4 Nf6 5. Nc3 Nc6 6. Bg5 e6 7. Qd2 a6 8. O-O-O Bd7 9. f4 Be7 10. Nf3 b5 11. Bxf6 gxf6 12. Bd3 b4 13. Ne2 Qb6 14. f5 a5 15. fxe6 fxe6 16. Nf4 Ne5 17. Be2 Ng6 18. g3 O-O-O 19. Nd4 Nxf4 20. gxf4 Kb8 21. Bg4 d5 22. exd5 Bc5 23. Kb1 Bxd4 24. Qxd4 Qxd4 25. Rxd4 e5 26. fxe5 fxe5 27. Re4 Bxg4 28. Rxg4 Rxd5 29. b3 Re8 30. Re1 Re7 31. Kb2 Kc7 32. a3 bxa3+ 33. Kxa3 Rd2 34. Rc4+ Kd6 35. Ka4 Rxh2 36. Kxa5 h5 37. b4 Rh3 38. Kb6 h4 39. b5 Kd5 40. Rc6 e4 41. c4+ Kd4 42. c5 Rc3 43. Rd6+ Kc4 44. c6 e3 45. Rd7 Re6 46. Ka6 e2 47. b6 Rxc6 48. Rxe2 h3 49. Kb7 Rh6 50. Rh2 Rb3 51. Rc7+ Kd5 52. Rd7+ Ke5 53. Kc7 Rhxb6 54. Rxh3 Rb7+ 55. Kc6 R3b6+ 56. Kc5 Rb5+ 57. Kc6 R5b6+ 58. Kc5 Rb5+ 59. Kc6 R5b6+ 1/2-1/2


[Site "https://www.chess.com"]

[Event "Titled Tuesday Blitz May 17 Early 2022"]
[White "Zavgorodniy, Sergiy"]
[Black "Molina, Roberto Junio Brito"]
[WhiteFideId "14110148"]
[BlackFideId "2109450"]
[WhiteElo "2420"]
[BlackElo "2432"]
[Result "1-0"]
[Round "08"]
[TimeControl "180+1"]
[Date "2022.05.17"]
[WhiteClock "0:01:33"]
[BlackClock "0:01:42"]

1. e4 c6 2. d4 d5 3. exd5 cxd5 4. c4 Nf6 5. Nc3 e6 6. Nf3 Be7 7. cxd5 Nxd5 8. Bd3 O-O 9. O-O Nc6 10. Re1 Nf6 11. Bg5 b6 12. Ne5 Bb7 13. Ba6 Qc8 14. Qf3 Na5 15. Bxb7 Qxb7 16. Qxb7 Nxb7 17. Nc6 Rfe8 18. Nxe7+ Rxe7 19. Bxf6 gxf6 20. Nd5 Kf8 21. Nxe7 Kxe7 22. d5 e5 23. Rac1 Nc5 24. d6+ Kxd6 25. Red1+ Ke7 26. b4 Ne6 27. Rc4 Rb8 28. Rh4 Rh8 29. h3 Nd4 30. Rd3 h5 31. Ra3 Ke6 32. Rxa7 Rg8 33. Rxh5 Ne2+ 34. Kf1 Nf4 35. Rh4 Nxg2 36. Rg4 Rxg4 37. hxg4 Nf4 38. Rb7 Nd5 39. a4 f5 40. gxf5+ Kxf5 41. a5 Nxb4 42. Rxb6 Nd5 43. Rb7 1-0


[Site "https://www.chess.com"]

[Event "Titled Tuesday Blitz May 17 Early 2022"]
[White "Zhigalko, Sergei"]
[Black "Eggleston, Thomas A"]
[WhiteFideId "13502956"]
[BlackFideId "412139"]
[WhiteElo "2662"]
[BlackElo "2174"]
[Result "1-0"]
[Round "08"]
[TimeControl "180+1"]
[Date "2022.05.17"]
[WhiteClock "0:00:20"]
[BlackClock "0:00:57"]

1. e4 e6 2. d4 d5 3. e5 c5 4. c3 Nc6 5. Nf3 Qb6 6. a3 f6 7. Bd3 fxe5 8. dxe5 c4 9. Bc2 Nh6 10. O-O Nf7 11. Qe2 Bd7 12. Nbd2 g5 13. h3 O-O-O 14. b3 cxb3 15. Nxb3 Be7 16. Rb1 Qc7 17. Re1 Rdg8 18. Nbd4 h5 19. Nb5 Qb8 20. Nfd4 Ncxe5 21. f4 gxf4 22. Bxf4 Bf6 23. c4 a6 24. cxd5 exd5 25. Nc3 Bxh3 26. Nxd5 Nf3+ 27. Nxf3 Qa7+ 28. Be3 b6 29. Nxb6+ Kd8 30. Rbd1+ 1-0


[Site "https://www.chess.com"]

[Event "Titled Tuesday Blitz May 17 Early 2022"]
[White "Abdusattorov, Nodirbek"]
[Black "Salem, A.R. Saleh"]
[WhiteFideId "14204118"]
[BlackFideId "9301348"]
[WhiteElo "2663"]
[BlackElo "2679"]
[Result "0-1"]
[Round "09"]
[TimeControl "180+1"]
[Date "2022.05.17"]
[WhiteClock "0:00:09"]
[BlackClock "0:00:03"]

1. c4 c5 2. g3 g6 3. Bg2 Bg7 4. Nc3 Nc6 5. Nf3 d6 6. O-O e6 7. e3 Nge7 8. d4 O-O 9. Rb1 b6 10. b3 Ba6 11. Re1 cxd4 12. Nxd4 Nxd4 13. exd4 Rc8 14. Ba3 Re8 15. Qd2 Nf5 16. d5 e5 17. Ne4 Bf8 18. h4 Rc7 19. Rbc1 Bh6 20. Qb4 Bxc1 21. Rxc1 Rc5 22. Re1 Bc8 23. Nxc5 bxc5 24. Qa4 Re7 25. b4 cxb4 26. Bxb4 Qc7 27. Rc1 Nd4 28. Kh2 Ne2 29. c5 Nxc1 30. cxd6 Qd7 31. Qc6 Re8 32. Qxc1 Bb7 33. Qc7 Bc8 34. Bd2 f6 35. Bf1 a6 36. Kg1 Kf7 37. Qb6 Rd8 38. Ba5 Re8 39. Bb4 Rd8 40. a4 Re8 41. a5 h5 42. Bd3 e4 43. Be2 e3 44. fxe3 Qh3 45. Qc7+ Bd7 46. Kf2 Rc8 47. Qb7 Rc2 48. Ke1 Ke8 49. Kd1 Rc8 50. Be1 Qg2 51. Qb3 Qe4 52. Bd3 Qg4+ 53. Kd2 Ba4 54. Qb2 Qd1# 0-1


[Site "https://www.chess.com"]

[Event "Titled Tuesday Blitz May 17 Early 2022"]
[White "Arabidze, Meri"]
[Black "Costachi, Mihnea"]
[WhiteFideId "13604040"]
[BlackFideId "1217518"]
[WhiteElo "2335"]
[BlackElo "2476"]
[Result "0-1"]
[Round "09"]
[TimeControl "180+1"]
[Date "2022.05.17"]
[WhiteClock "0:00:32"]
[BlackClock "0:01:05"]

1. Nf3 d5 2. g3 Nf6 3. Bg2 Bf5 4. O-O c6 5. d3 h6 6. b3 e6 7. Bb2 Nbd7 8. c4 Bd6 9. Nc3 Bh7 10. Re1 O-O 11. e4 dxe4 12. Nxe4 Nxe4 13. dxe4 Bb4 14. Re2 Qc7 15. a3 Be7 16. b4 a5 17. c5 Rfd8 18. Rd2 Bxe4 19. h4 Bf6 20. Bxf6 Nxf6 21. Nd4 Bxg2 22. Kxg2 axb4 23. axb4 Rxa1 24. Qxa1 Nd5 25. Qa3 Qe5 26. Nf3 Qe4 27. Rd4 Nf4+ 28. gxf4 Rxd4 29. Qa8+ Kh7 30. Qxb7 Rd3 0-1


[Site "https://www.chess.com"]

[Event "Titled Tuesday Blitz May 17 Early 2022"]
[White "Aradhya, Garg"]
[Black "Raahul V S"]
[WhiteFideId "25006746"]
[BlackFideId "25035525"]
[WhiteElo "2169"]
[BlackElo "2185"]
[Result "1-0"]
[Round "09"]
[TimeControl "180+1"]
[Date "2022.05.17"]
[WhiteClock "0:01:23"]
[BlackClock "0:00:10"]

1. d4 f5 2. g3 Nf6 3. Bg2 e6 4. Nf3 d5 5. O-O Bd6 6. c4 O-O 7. Nc3 dxc4 8. Qa4 Nbd7 9. Qxc4 Nb6 10. Qb3 Nbd5 11. Bg5 c6 12. e4 Nxc3 13. bxc3 fxe4 14. Nd2 Be7 15. Rae1 Qd5 16. Bxf6 gxf6 17. Nxe4 Qxb3 18. axb3 a5 19. Nd2 a4 20. Bh3 axb3 21. Bxe6+ Bxe6 22. Rxe6 Kf7 23. Rfe1 Rfe8 24. Nxb3 Ra3 25. Nc5 b6 26. Nb7 Rxc3 27. Nd6+ Bxd6 28. Rxe8 Rd3 29. Rc8 c5 30. dxc5 Bxc5 31. Re2 Rc3 32. Kg2 b5 33. h4 b4 34. h5 Kg7 35. Rc7+ Kh6 36. g4 Kg5 37. f3 Rc1 38. Rxh7 Kh4 39. Rc7 b3 40. Rb2 Rg1+ 41. Kh2 Bd4 42. Rxb3 Rf1 43. Rc2 f5 44. Rd3 Ba7 45. Ra2 Bb8+ 46. Kg2 Rb1 47. Rd4 fxg4 48. fxg4 Be5 49. Re4 Bg7 50. Kf3 Rb3+ 51. Kf4 Bh6+ 52. Kf5 Rb5+ 53. Re5 Rb4 54. g5 Bxg5 55. Rh2+ Kg3 56. Kxg5 Rg4+ 57. Kf5 Rf4+ 58. Kg6 Kxh2 59. h6 Kg3 60. h7 Rf8 1-0


[Site "https://www.chess.com"]

[Event "Titled Tuesday Blitz May 17 Early 2022"]
[White "Babazada, Khazar"]
[Black "Fiorito, Fabian"]
[WhiteFideId "13413554"]
[BlackFideId "100200"]
[WhiteElo "2406"]
[BlackElo "2395"]
[Result "1-0"]
[Round "09"]
[TimeControl "180+1"]
[Date "2022.05.17"]
[WhiteClock "0:00:04"]
[BlackClock "0:00:01"]

1. e4 c6 2. d4 d5 3. Nc3 dxe4 4. Nxe4 Nf6 5. Nxf6+ exf6 6. c3 Bd6 7. Bd3 O-O 8. Ne2 Nd7 9. Qc2 h5 10. O-O h4 11. Bd2 Re8 12. h3 Nf8 13. Rae1 Bd7 14. Qc1 g6 15. Bf4 Qc7 16. Bxd6 Qxd6 17. Qh6 c5 18. Qxh4 Bc6 19. Bc4 Re4 20. Qg3 Qe7 21. d5 Bxd5 22. Bxd5 Rxe2 23. Rxe2 Qxe2 24. Qc7 Ne6 25. Qxb7 Rd8 26. c4 Ng5 27. Qxa7 Kg7 28. Qxc5 Rh8 29. Qe3 Qxb2 30. f4 Nh7 31. c5 Rd8 32. Bb3 Rd2 33. Qf3 Qd4+ 34. Kh1 Qxc5 35. Rd1 Rf2 36. Qb7 Rxf4 37. Qxf7+ Kh6 38. Qd5 Qa7 39. Qd2 g5 40. Bc2 Nf8 41. Qd8 Kg7 42. Re1 Ne6 43. Qd3 Nf8 44. Qd8 Ne6 45. Qe8 Qf2 46. Qg6+ Kf8 47. Rxe6 Qf1+ 48. Kh2 Qb5 49. Qh6+ Kf7 50. Re3 Rc4 51. Qh7+ Kf8 52. Qh8+ Kf7 53. Qh7+ Kf8 54. Bg6 Qb8+ 55. Rg3 1-0


[Site "https://www.chess.com"]

[Event "Titled Tuesday Blitz May 17 Early 2022"]
[White "Bluebaum, Matthias"]
[Black "Vasquez Schroeder, Rodrigo"]
[WhiteFideId "24651516"]
[BlackFideId "3400042"]
[WhiteElo "2556"]
[BlackElo "2567"]
[Result "0-1"]
[Round "09"]
[TimeControl "180+1"]
[Date "2022.05.17"]
[WhiteClock "0:00:29"]
[BlackClock "0:00:12"]

1. d4 d5 2. c4 c6 3. Nc3 Nf6 4. Nf3 e6 5. Qc2 Nbd7 6. e4 dxe4 7. Nxe4 Nxe4 8. Qxe4 Bb4+ 9. Bd2 Bxd2+ 10. Nxd2 c5 11. dxc5 Qa5 12. a3 Qxc5 13. b4 Qc7 14. Be2 Nf6 15. Qe3 b6 16. Qg3 Qxg3 17. hxg3 Bb7 18. Bf3 O-O-O 19. Ke2 Rd4 20. Rac1 Rhd8 21. Rhd1 e5 22. Bxb7+ Kxb7 23. f3 Nh5 24. Nf1 f5 25. Rxd4 Rxd4 26. c5 g6 27. cxb6 axb6 28. Rd1 Rxd1 29. Kxd1 b5 30. Kc2 Kc6 31. Kb3 e4 32. fxe4 fxe4 33. a4 bxa4+ 34. Kxa4 Nf6 35. Ne3 Nd5 36. Ng4 Kd6 37. Kb3 h5 38. Nf2 e3 39. Nd3 e2 40. Ne1 Ke5 41. Kc4 Ke4 42. b5 Nb6+ 43. Kc5 Nd5 44. Kc4 Nb6+ 45. Kc5 Nd5 46. Nf3 Nc3 47. Kb4 Nxb5 48. Kxb5 Ke3 49. Kc4 Kf2 50. Kd3 e1=Q 51. Nxe1 Kxe1 52. Ke3 Kf1 53. Kf3 g5 54. g4 h4 55. Ke4 Kxg2 56. Kf5 h3 57. Kxg5 h2 58. Kf6 h1=Q 59. g5 Qh8+ 60. Kf7 Qh7+ 61. Kf6 Qg8 62. g6 Kg3 63. g7 Kg4 0-1


[Site "https://www.chess.com"]

[Event "Titled Tuesday Blitz May 17 Early 2022"]
[White "Bortnyk, Olexandr"]
[Black "Kamsky, Gata"]
[WhiteFideId "14120828"]
[BlackFideId "2000024"]
[WhiteElo "2723"]
[BlackElo "2645"]
[Result "1-0"]
[Round "09"]
[TimeControl "180+1"]
[Date "2022.05.17"]
[WhiteClock "0:00:07"]
[BlackClock "0:00:17"]

1. e4 e5 2. Bc4 Nf6 3. d3 Nc6 4. Nc3 Bb4 5. Bd2 Bxc3 6. Bxc3 d5 7. Bb5 O-O 8. Bxc6 bxc6 9. Qf3 Re8 10. h3 c5 11. Ne2 c4 12. O-O cxd3 13. cxd3 c5 14. Ng3 a5 15. Rfe1 d4 16. Bd2 Qb6 17. Bg5 Re6 18. Nf5 Ra7 19. Rac1 Ne8 20. Rc2 f6 21. Bd2 Rc6 22. Rec1 Be6 23. b3 Qb5 24. Kh2 Rcc7 25. Qg3 a4 26. bxa4 Rxa4 27. f4 Bxf5 28. exf5 Ra3 29. fxe5 Qxd3 30. Qxd3 Rxd3 31. e6 Nd6 32. Bf4 Rc6 33. Bxd6 Rxd6 34. Rxc5 1-0


[Site "https://www.chess.com"]

[Event "Titled Tuesday Blitz May 17 Early 2022"]
[White "Demchenko, Anton"]
[Black "Rostovtsev, Dmitry"]
[WhiteFideId "4160258"]
[BlackFideId "34278320"]
[WhiteElo "2539"]
[BlackElo "2274"]
[Result "1-0"]
[Round "09"]
[TimeControl "180+1"]
[Date "2022.05.17"]
[WhiteClock "0:00:07"]
[BlackClock "0:00:16"]

1. e4 e5 2. Nf3 Nc6 3. Nc3 Nf6 4. d4 exd4 5. Nxd4 Bb4 6. Nxc6 bxc6 7. Bd3 d5 8. exd5 cxd5 9. O-O O-O 10. h3 c6 11. Qf3 Bd6 12. Bf4 Rb8 13. b3 Rb4 14. Bxd6 Qxd6 15. Rad1 Be6 16. Na4 Rfb8 17. c3 R4b7 18. Qe3 Re7 19. Rfe1 Rbe8 20. Qc5 Qxc5 21. Nxc5 Nd7 22. Na6 Kf8 23. b4 h6 24. a4 Rc8 25. Bf1 h5 26. h4 g6 27. f3 Bf5 28. Rxe7 Kxe7 29. Rd2 Nb8 30. Nc5 Nd7 31. Re2+ Kd6 32. Nb7+ Kc7 33. Na5 Kd6 34. Kf2 Bd3 35. Nb7+ Kc7 36. Re7 Bxf1 37. Nc5 Rd8 38. Rxf7 Bc4 39. Ne6+ Kc8 40. Nxd8 Kxd8 41. Rg7 Bd3 42. Ke3 Bc2 43. a5 a6 44. Kd4 Kc7 45. g4 Kd6 46. gxh5 gxh5 47. Rg5 Nf6 48. Rg7 Nd7 49. Rf7 c5+ 50. bxc5+ Nxc5 51. Rf6+ Ne6+ 52. Ke3 Ke5 53. Rh6 d4+ 54. cxd4+ Nxd4 55. Rxh5+ Nf5+ 56. Kf2 Kf4 57. Rh8 Bd3 58. h5 Kg5 59. Rd8 Bb5 60. Rd5 Bc4 61. Rc5 Bb5 62. Rxb5 axb5 63. a6 b4 64. a7 b3 65. a8=Q b2 66. Qb7 b1=Q 67. Qxb1 Nd4 68. Qc1+ Kxh5 69. Qh1+ Kg5 70. Qg1+ Kf6 71. Qd1 Nf5 72. Qd5 Ne7 73. Qe4 Nf5 74. f4 Ne7 75. Qe5+ Kf7 76. f5 Ng6 77. Qe6+ 1-0


[Site "https://www.chess.com"]